 Dungeon Sprint DCSS version 0.20-b1-18-gaa2fd62 (webtiles) character file.

28 potatolord6000 the Covered (level 3, -8/24 HPs)
             Began as a Gargoyle Fighter on May 24, 2017.
             Was an Initiate of Gozag.
             Killed from afar by a gargoyle (23 damage)
             ... with a stone arrow
             ... in the Dungeon (Sprint IX: "|||||||||||||||||||||||||||||").
             The game lasted 00:01:06 (136 turns).

potatolord6000 the Covered (Gargoyle Fighter)        Turns: 136, Time: 00:01:07

Health: -8/24      AC: 18    Str: 25    XL:     3   Next: 12%
Magic:  3/3        EV:  7    Int:  8    God:    Gozag
Gold:   0          SH: 10    Dex:  9    Spells: 2/2 levels left

rFire    . . .     SeeInvis .   a - +0 flail
rCold    . . .     Gourm    .   c - +0 shield
rNeg     + . .     Faith    .   p - +0 plate armour
rPois    ∞         Spirit   .   (no helmet)
rElec    +         Reflect  .   o - +0 cloak
rCorr    .         Harm     .   (no gloves)
MR       .....     NoTele   +   (no boots)
Stlth    ..........             (no amulet)
Regen    0.1/turn               b - +2 ring of evasion
MPRegen  0.1/turn               q - +2 ring of protection

@: mighty
A: negative energy resistance 1, electricity resistance, unbreathing,
petrification resistance, rot immunity, AC +3
a: Potion Petition, Call Merchant, Bribe Branch, Renounce Religion


You were in the Dungeon.
You worshipped Gozag.
Gozag was noncommittal.
You were not hungry.

You visited 1 branch

Inventory:

Hand Weapons
 a - a +0 flail (weapon)
Armour
 c - a +0 shield (worn)
 o - a +0 cloak (worn)
 p - a +0 plate armour (worn)
Jewellery
 b - a +2 ring of evasion (left hand)
 q - a +2 ring of protection (right hand)
Scrolls
 k - 2 scrolls of blinking
 m - 3 scrolls of remove curse
 n - 2 scrolls of amnesia
Potions
 e - 5 potions of curing
 g - 2 potions of heal wounds
 h - a potion of haste
 i - 4 potions of magic
 j - a potion of berserk rage
 l - a potion of invisibility
Comestibles
 f - a bread ration


   Skills:
 + Level 4.6 Fighting
 + Level 3.4 Maces & Flails
 + Level 4.8 Armour
 + Level 4.4 Shields


You had 2 spell levels left.
You didn't know any spells.

Dungeon Overview and Level Annotations

Branches:
Dungeon (1/1)

Altars:
Cheibriados
Dithmenos
Elyvilon
Fedhas
Gozag
Hepliaklqana
Kikubaaqudgha
Makhleb
Nemelex Xobeh
Okawaru
Qazlal
Ru
Sif Muna
Trog
Uskayaw
Vehumet
Xom
Yredelemnul
Zin
The Shining One
Beogh
Jiyva
Lugonu


Innate Abilities, Weirdness & Mutations

You are resistant to torment.
Your stone body is resilient. (AC +3)
You are immune to poison.
You resist negative energy. (rN+)
You are resistant to electric shocks. (rElec)
You can survive without breathing.
You are immune to petrification.
You are immune to rotting.


Message History

q - a +2 ring of protection (right hand) Drop what? 17/52 slots (_ for help) (? for menu, Esc to quit)
Okay, then.
As you open the door, it creaks loudly! 2 bullfrogs, a gargoyle, a sky beast, a troll and a skeleton come into view.
The bullfrog gives a loud, deep croak!
The gargoyle hurls a stone arrow at you.
The stone arrow hits you!
Ouch! That really hurt!
* * * LOW HITPOINT WARNING * * *
You close the door.
A gargoyle opens the door.
You feel much better.
There's a creature in the doorway!
You completely miss the gargoyle. The gargoyle hits you with a mace.
You feel very mighty all of a sudden.
The gargoyle hurls a stone arrow at you.
The stone arrow hits you!
Ouch! That really hurt!
You die...
Your body crumbles into a pile of gold.

$
▓.▓
$
▓Z▓
$
▓Y▓
$
▓T▓
$
▓F▓
▓F▓
$
▓9▓
$
▓@▓
$
▓.▓
▓[▓
$
▓[▓
▓.▓
$
▓)▓
$
▓/▓
$
▓.▓
$
▓.▓


You could see a troll, a gargoyle, a sky beast, 2 bullfrogs and a bat skeleton.

Vanquished Creatures
  2 adders (D)
  A bat skeleton (D)
  2 giant cockroaches (D)
  A goblin (D)
  A quokka (D)
  A kobold (D)
  2 rats (D)
10 creatures vanquished.

Notes
Turn   | Place    | Note
-------+----------+-------------------------------------------
     0 | D        | potatolord6000 the Gargoyle Fighter began the quest for the Orb.
     0 | D        | Reached XP level 1. HP: 14/14 MP: 1/1
    49 | D        | Reached XP level 2. HP: 18/20 MP: 2/2
    61 | D        | Reached XP level 3. HP: 20/24 MP: 3/3
    68 | D        | Found a roughly hewn altar of Beogh.
    68 | D        | Found a snail-covered altar of Cheibriados.
    68 | D        | Found a shadowy altar of Dithmenos.
    68 | D        | Found a white marble altar of Elyvilon.
    68 | D        | Found a blossoming altar of Fedhas.
    68 | D        | Found an opulent altar of Gozag.
    69 | D        | Found a hazy altar of Hepliaklqana.
    70 | D        | Found a viscous altar of Jiyva.
    71 | D        | Found an ancient bone altar of Kikubaaqudgha.
    72 | D        | Found a corrupted altar of Lugonu.
    73 | D        | Found a burning altar of Makhleb.
    74 | D        | Found a sparkling altar of Nemelex Xobeh.
    75 | D        | Found an iron altar of Okawaru.
    76 | D        | Became a worshipper of Gozag Ym Sagoz the Greedy
    77 | D        | Found a stormy altar of Qazlal.
    78 | D        | Found a sacrificial altar of Ru.
    79 | D        | Found a deep blue altar of Sif Muna.
    80 | D        | Found a bloodstained altar of Trog.
    81 | D        | Found a hide-covered altar of Uskayaw.
    82 | D        | Found a radiant altar of Vehumet.
    84 | D        | Found a shimmering altar of Xom.
    85 | D        | Found a basalt altar of Yredelemnul.
    86 | D        | Found a glowing silver altar of Zin.
    87 | D        | Found a glowing golden altar of the Shining One.
   132 | D        | Noticed a sky beast
   132 | D        | Noticed a troll
   132 | D        | Noticed a bullfrog
   132 | D        | Noticed a bullfrog
   132 | D        | Noticed a gargoyle
   136 | D        | Killed from afar by a gargoyle

Skill      XL: |  1  2 |
---------------+-------+-----
Fighting       | 4 |  4.6
Armour         | 4 |  4.8
Shields        | 4 |  4.4
Maces & Flails | 3 |  3.4

Action                   || total
-------------------------++-------
Melee: Flail             ||    52
  Use: Potion            ||     2
Armor: Scale mail        ||    33
Dodge: Dodged            ||    17
Block: Shield            ||    23
